 Dungeon Crawl Stone Soup version 0.22.1-2-g9c5b331 (webtiles) character file.

2097 Goblin1989 the Firebug (level 9, -7/51 HPs)
             Began as an Octopode Fire Elementalist on Nov 22, 2018.
             Was a Believer of Vehumet.
             Shot with an arrow by a centaur (19 damage)
             ... on level 7 of the Dungeon on Nov 23, 2018.
             The game lasted 00:28:25 (8511 turns).

Goblin1989 the Firebug (Octopode Fire Elementalist) Turns: 8511, Time: 00:28:26

Health: -7/51      AC:  1    Str:  7    XL:     9   Next: 28%
Magic:  7/16       EV: 15    Int: 21    God:    Vehumet [**....]
Gold:   421        SH:  0    Dex: 12    Spells: 1/17 levels left

rFire    . . .     SeeInvis .   q - +2 dagger (speed)
rCold    + . .     Gourm    .   (no shield)
rNeg     . . .     Faith    .   (helmet restricted)
rPois    .         Spirit   .   (no amulet)
rElec    .         Reflect  .   t - ring of wizardry
rCorr    .         Harm     .   m - ring of protection from magic
MR       +....                  c - ring of protection from cold
Stlth    +++.......             (no ring)
HPRegen  0.17/turn              (no ring)
MPRegen  0.15/turn              (no ring)
                                (no ring)
                                (no ring)

@: no status effects
A: almost no armour, stealthy swim, amphibious, 8 rings, constrict 8, camouflage
1, gelatinous body 1
a: Renounce Religion


You were on level 7 of the Dungeon.
You worshipped Vehumet.
Vehumet was pleased with you.
You were not hungry.

You visited 2 branches of the dungeon, and saw 8 of its levels.

You collected 421 gold pieces.

Inventory:

Hand Weapons
 q - a +2 dagger of speed (weapon)
 E - a +0 hunting sling
 V - a +2 short sword of electrocution
Missiles
 f - 97 arrows
 l - 165 stones (quivered) {@Q3}
 o - 7 curare-tipped needles
 v - 36 bolts
 H - 51 sling bullets
Jewellery
 c - a ring of protection from cold (on tentacle)
 h - an uncursed ring of ice
 m - a ring of protection from magic (right tentacle)
 t - a ring of wizardry (left tentacle)
Wands
 F - a wand of flame (8) {@v6}
 K - a wand of digging (19) {@v1}
Scrolls
 i - 3 scrolls of amnesia {unknown}
 k - 3 scrolls of fear {unknown}
 u - a scroll of enchant weapon {unknown}
 y - a scroll of blinking {unknown}
 z - a scroll of noise {unknown}
 A - 4 scrolls of remove curse {unknown}
 D - 3 scrolls of immolation {unknown}
 Q - a scroll of enchant armour {unknown}
 R - a scroll of identify {@r1}
 U - a scroll of holy word {unknown}
Potions
 p - 2 potions of curing {@q1}
 w - 2 potions of heal wounds {unknown}
 C - a potion of haste {@q3,}
 I - a potion of flight
 J - a potion of lignification
 L - a potion of brilliance {unknown}
 M - a potion of resistance {@q6}
 S - 2 potions of mutation {!q}
Comestibles
 e - 12 rations
 T - 6 chunks of flesh


   Skills:
 + Level 4.4 Dodging
 - Level 2.6 Stealth
 + Level 4.9 Spellcasting
 * Level 7.1 Conjurations
 * Level 7.8 Fire Magic


You had one spell level left.
You knew the following spells:

 Your Spells              Type           Power        Failure   Level  Hunger
a - Flame Tongue          Conj/Fire      #####        1%          1    None
b - Inner Flame           Hex/Fire       ###.....     2%          3    ##.....
c - Sticky Flame          Conj/Fire      #####...     1%          4    ####...
d - Fireball              Conj/Fire      #####.....   6%          5    #####..
j - Conjure Flame         Conj/Fire      #####...     1%          3    ##.....

Your spell library contained the following spells:

 Spells                   Type           Power        Failure   Level  Hunger
 Magic Dart               Conj           ####         1%          1    None
 Confusing Touch          Hex            #.....       4%          1    None
 Throw Flame              Conj/Fire      #####.       1%          2    None
 Confuse                  Hex            #.......     13%         3    ##.....
 Gell's Gravitas          Tloc           #.........   13%         3    ##.....
 Petrify                  Tmut/Erth      #.......     38%         4    ####...
 Metabolic Englaciation   Hex/Ice        #.........   73%         5    #####..
 Yara's Violent Unravell  Hex/Tmut       #.........   73%         5    #####..


Dungeon Overview and Level Annotations

Branches:
Dungeon (7/15)             Temple (1/1) D:4

Altars:
Ashenzari
Fedhas
Makhleb
Nemelex Xobeh
Okawaru
Ru
Trog
Uskayaw
Vehumet
Wu Jian
Xom
Yredelemnul
The Shining One

Shops:
D:7 (

Annotations:
D:2 Sigmund
D:5 !PINKEL!!!, Dowan, Pikel


Innate Abilities, Weirdness & Mutations

You cannot wear most types of armour.
You are very stealthy in the water. (Stealth+)
You are amphibious.
You can wear up to eight rings at the same time.
You can use your tentacles to constrict eight enemies at once.
Your skin changes colour to match your surroundings (Stealth+).
Your rubbery body absorbs attacks. (AC +1, EV +1)


Message History

Aiming: Flame Tongue (safe; 1% risk of failure)
Press: ? - help, Shift-Dir - straight line, f/p - centaur warrior skeleton
Aim: a centaur warrior skeleton (lightly damaged)
The flame tongue hits the centaur warrior skeleton.
The centaur warrior skeleton is moderately damaged.
The centaur warrior skeleton hits you.
You take 3 damage, and have 48/51 hp.
You now have 13/16 mp.
Casting: Flame Tongue (safe; 1% risk of failure)
Confirm with . or Enter, or press ? or * to list all spells.
Aiming: Flame Tongue (safe; 1% risk of failure)
Press: ? - help, Shift-Dir - straight line, f/p - centaur warrior skeleton
Aim: a centaur warrior skeleton (moderately damaged)
The flame tongue hits the centaur warrior skeleton.
The centaur warrior skeleton is moderately damaged.
The centaur warrior skeleton hits you but does no damage.
You now have 12/16 mp.
Casting: Flame Tongue (safe; 1% risk of failure)
Confirm with . or Enter, or press ? or * to list all spells.
Aiming: Flame Tongue (safe; 1% risk of failure)
Press: ? - help, Shift-Dir - straight line, f/p - centaur warrior skeleton
Aim: a centaur warrior skeleton (moderately damaged)
The flame tongue hits the centaur warrior skeleton.
The centaur warrior skeleton is heavily damaged.
The centaur warrior skeleton misses you.
You now have 11/16 mp.
Casting: Flame Tongue (safe; 1% risk of failure)
Confirm with . or Enter, or press ? or * to list all spells.
Aiming: Flame Tongue (safe; 1% risk of failure)
Press: ? - help, Shift-Dir - straight line, f/p - centaur warrior skeleton
Aim: a centaur warrior skeleton (heavily damaged)
The flame tongue hits the centaur warrior skeleton.
The centaur warrior skeleton is heavily damaged.
The centaur warrior skeleton closely misses you.
The centaur warrior skeleton hits you.
You take 2 damage, and have 47/51 hp.
Casting: Flame Tongue (safe; 1% risk of failure)
Confirm with . or Enter, or press ? or * to list all spells.
Aiming: Flame Tongue (safe; 1% risk of failure)
Press: ? - help, Shift-Dir - straight line, f/p - centaur warrior skeleton
Aim: a centaur warrior skeleton (heavily damaged)
The flame tongue hits the centaur warrior skeleton.
The centaur warrior skeleton is severely damaged.
The centaur warrior skeleton closely misses you.
You now have 10/16 mp.
Unknown command.
Casting: Flame Tongue (safe; 1% risk of failure)
Confirm with . or Enter, or press ? or * to list all spells.
Aiming: Flame Tongue (safe; 1% risk of failure)
Press: ? - help, Shift-Dir - straight line, f/p - centaur warrior skeleton
Aim: a centaur warrior skeleton (severely damaged)
The flame tongue hits the centaur warrior skeleton.
The centaur warrior skeleton is severely damaged.
The centaur warrior skeleton misses you.
You now have 9/16 mp.
Casting: Flame Tongue (safe; 1% risk of failure)
Confirm with . or Enter, or press ? or * to list all spells.
Aiming: Flame Tongue (safe; 1% risk of failure)
Press: ? - help, Shift-Dir - straight line, f/p - centaur warrior skeleton
Aim: a centaur warrior skeleton (severely damaged)
The flame tongue hits the centaur warrior skeleton.
The centaur warrior skeleton is severely damaged.
The centaur warrior skeleton misses you.
The centaur warrior skeleton hits you.
You take 6 damage, and have 41/51 hp.
You now have 8/16 mp.
Casting: Flame Tongue (safe; 1% risk of failure)
Confirm with . or Enter, or press ? or * to list all spells.
Aiming: Flame Tongue (safe; 1% risk of failure)
Press: ? - help, Shift-Dir - straight line, f/p - centaur warrior skeleton
Aim: a centaur warrior skeleton (severely damaged)
The flame tongue hits the centaur warrior skeleton.
The centaur warrior skeleton is almost destroyed.
A centaur comes into view.
The centaur warrior skeleton hits you.
You take 2 damage, and have 39/51 hp.
You now have 7/16 mp.
Casting: Flame Tongue (safe; 1% risk of failure)
Confirm with . or Enter, or press ? or * to list all spells.
Aiming: Flame Tongue (safe; 1% risk of failure)
Press: ? - help, Shift-Dir - straight line, f/p - centaur warrior skeleton
Aim: a centaur warrior skeleton (almost destroyed)
The flame tongue hits the centaur warrior skeleton.
You destroy the centaur warrior skeleton!
Vehumet accepts your kill.
Your Conjurations skill increases to level 7!
The centaur shouts!
The centaur wields a shortbow.
The centaur shoots an arrow.
The arrow misses you.
You now have 6/16 mp.
Unknown command.
The centaur shoots an arrow.
The arrow hits you!
The centaur shoots an arrow.
The arrow hits you.
Things that are here:
2 arrows; a jackal corpse You take 15 damage, and have 25/51 hp.
MASSIVE DAMAGE!!
The centaur shoots an arrow.
The arrow hits you!
* * * LOW HITPOINT WARNING * * *
Found a stone staircase leading down.
You see here an arrow.
You take 13 damage, and have 12/51 hp.
MASSIVE DAMAGE!!
The centaur shoots an arrow.
The arrow hits you!!
You die...

.██████. ...█
......... >.█c██
......... .....
.......██ ....
█.█....██..█ █
█......█...█
█.██...[.....█
.......(...██████.
█.███...).((@.......
.........†...███████
█..█....██.....█
.██...........█>██


█████████ .....██..........██ █........ ████.........██...███........
..........█...███..██...Ψ.Ψ.. ..............███...█....⌂...
.......................)Ψ.Ψ.. You could see a centaur.

Vanquished Creatures
  A centaur skeleton (D:7)
  2 ice beasts
  An orc warrior (D:7)
  2 sky beasts (D:5)
  A phantom (D:6)
  An ogre (D:7)
  2 centaurs (D:6)
  A bullfrog (D:6)
  2 scorpions
  4 howler monkeys
  A bullfrog zombie (D:7)
  A hound (D:7)
  2 jellies
  5 orc wizards
  2 iguanas
  Jessica (D:2)
  4 worker ants
  A killer bee zombie (D:6)
  A hound zombie (D:7)
  A mummy (D:4)
  8 adders
  2 oozes
  2 adder zombies
  3 adder skeletons
  4 worms
  2 dart slugs (D:1)
  4 leopard geckos
  30 orcs
  4 ball pythons
  2 giant cockroaches
  7 goblins
  9 hobgoblins
  11 jackals
  9 kobolds
  4 quokkas
  11 bats
  5 frilled lizards
  A hobgoblin zombie (D:4)
  A jackal zombie (D:4)
  2 kobold zombies (D:4)
  A leopard gecko zombie (D:5)
  An orc zombie (D:4)
  8 rats
167 creatures vanquished.

Vanquished Creatures (others)
  An orc (D:4)
1 creature vanquished.

Grand Total: 168 creatures vanquished

Notes
Turn   | Place    | Note
-------+----------+-------------------------------------------
     0 | D:1      | Goblin1989 the Octopode Fire Elementalist began the quest
                  | for the Orb.
     0 | D:1      | Reached XP level 1. HP: 11/11 MP: 3/3
   300 | D:1      | Reached XP level 2. HP: 17/17 MP: 1/5
   955 | D:1      | Reached XP level 3. HP: 21/21 MP: 3/6
  1835 | D:2      | Reached XP level 4. HP: 27/27 MP: 2/7
  2212 | D:2      | Noticed Jessica
  2217 | D:2      | Killed Jessica
  2349 | D:2      | Noticed Sigmund
  2384 | D:2      | Reached XP level 5. HP: 31/31 MP: 6/8
  2544 | D:1      | Learned a level 3 spell: Conjure Flame
  2548 | D:1      | Learned a level 3 spell: Inner Flame
  4045 | D:4      | Found a staircase to the Ecumenical Temple.
  4067 | Temple   | Entered the Ecumenical Temple
  4168 | Temple   | Became a worshipper of Vehumet
  4310 | D:4      | Found a bloodstained altar of Trog.
  4336 | D:4      | Found a shimmering altar of Xom.
  4344 | D:4      | Reached XP level 6. HP: 12/36 MP: 6/10
  5035 | D:4      | Reached skill level 5 in Fire Magic
  5251 | D:5      | Entered Level 5 of the Dungeon
  5341 | D:4      | Learned a level 4 spell: Sticky Flame
  5356 | D:5      | Found a sacrificial altar of Ru.
  5356 | D:5      | Noticed a slave
  5389 | D:5      | Noticed a sky beast
  5549 | D:5      | Noticed a hand axe
  5549 | D:5      | Noticed a hand axe
  5550 | D:5      | Found a hide-covered altar of Uskayaw.
  5550 | D:5      | Noticed a sky beast
  5558 | D:5      | Reached XP level 7. HP: 33/41 MP: 3/12
  5724 | D:5      | Reached * piety under Vehumet
  5724 | D:5      | Offered knowledge of Shock by Vehumet.
  5828 | D:5      | Noticed Dowan
  6209 | D:5      | Found a glowing golden altar of the Shining One.
  6228 | D:5      | Reached skill level 5 in Conjurations
  6374 | D:5      | Noticed Pikel
  6542 | D:6      | Reached XP level 8. HP: 32/46 MP: 9/13
  7643 | D:7      | Found Jidurch's Weapon Shoppe.
  7685 | D:7      | Found a sparkling altar of Nemelex Xobeh.
  8195 | D:7      | Reached XP level 9. HP: 51/51 MP: 12/15
  8289 | D:7      | Offered knowledge of Magic Dart by Vehumet.
  8301 | D:7      | Learned a level 5 spell: Fireball
  8331 | D:7      | Reached ** piety under Vehumet
  8511 | D:7      | Shot with an arrow by a centaur

Skill      XL: |  1  2  3  4  5  6  7  8  9 |
---------------+----------------------------+-----
Conjurations   | 2 3 4 5 6 7 |  7.1
Fire Magic     | 4 5 6 7 |  7.8
Spellcasting   | 3 4 |  4.9
Dodging        | 3 4 |  4.4
Stealth        | |  2.6

Action                   |  1- 3 |  4- 6 |  7- 9 || total
-------------------------+-------+-------+-------++-------
Melee: Unarmed           |     7 |       |       ||     7
       Constrict         |     3 |     2 |     1 ||     6
       Tentacles         |     3 |     1 |     3 ||     7
       Dagger            |     6 |     7 |    15 ||    28
 Cast: Flame Tongue      |    58 |   134 |   163 ||   355
       Conjure Flame     |       |     3 |     4 ||     7
       Sticky Flame      |       |       |    10 ||    10
       Inner Flame       |       |       |     2 ||     2
       Fireball          |       |       |     2 ||     2
  Use: Scroll            |       |       |     6 ||     6
 Stab: Sleeping          |     1 |       |     2 ||     3
  Eat: Chunk             |     3 |    12 |     8 ||    23
       Ration            |       |       |     1 ||     1
Armor: Skin              |     2 |     2 |     6 ||    10
Dodge: Dodged            |    21 |    31 |    53 ||   105

Vault maps used:
D:1:      dpeg_arrival_rooms_c, hangedman_feature_mirror, serial_park_tiny_2
D:2:      minmay_hexomino_p4, uniq_jessica, uniq_sigmund
D:3:      first_ration, dk_vineyard_1, kennysheep_generic_room_12
D:4:      bloody_trog, xom_confusion_cloud, minmay_temple_entry_large_hall,
          roderic_roman_lattice, minmay_mini_ossuary
D:5:      dancing_weapons_uskayaw, nicolae_tso_carved_into_rock, basic_altar,
          uniq_pikel, uniq_duvessa
D:7:      kennysheep_mini, zin_statuary, nemelex_xobeh_ov_fountains_minmay,
          serial_shops, shop
Temple:   nicolae_temple_great_sept
